 Dungeon Crawl Stone Soup version 0.31-a0-232-gb1c03b2570 (webtiles) character file.

Game seed: 3981416130332041983

88950 senseless the Severer (level 15, -1/139 HPs)
             Began as a Minotaur Fighter on July 7, 2023.
             Was the Champion of Okawaru.
             Slain by a deep elf blademaster
             ... wielding a +0 rapier
              (6 damage)
             ... on level 2 of the Elven Halls on July 8, 2023.
             The game lasted 01:08:44 (20341 turns).

senseless the Severer (Minotaur Fighter)           Turns: 20341, Time: 01:08:44

Health: -1/139     AC: 31    Str: 25    XL:     15   Next: 48%
Magic:  14/14      EV: 16    Int: 10    God:    Okawaru [******]
Gold:   487        SH: 22    Dex: 11    Spells: 14/14 levels left

rFire   . . .        u - +2 broad axe (elec)
rCold   . . .        w - +0 tower shield
rNeg    + . .        z - +7 plate armour "Qupeqob" {Int+2}
rPois   .            F - +1 hat
rElec   .            I - +0 cloak {rCorr}
rCorr   +            i - +1 pair of gloves of the Hunter {rN+ rCorr Int+3}
SInv    .            o - +1 pair of boots
Will    +....        J - amulet of reflection Stlth
                     T - +5 ring of evasion
HPRegen 0.43/turn    m - +5 ring of evasion
MPRegen 0.14/turn

%: reflection
@: about to teleport
A: horns 2, retaliatory headbutt, passive freeze, sense surroundings 1, weak 1
a: Renounce Religion, Heroism, Finesse, Duel


You were on level 2 of the Elven Halls.
You worshipped Okawaru.
Okawaru was exalted by your worship.
You visited 5 branches of the dungeon, and saw 22 of its levels.

You collected 2222 gold pieces.
You spent 1735 gold pieces at shops.

Inventory:

Hand Weapons
 u - a +2 broad axe of electrocution (weapon)
 v - the +3 battleaxe of Floods {freeze, rPois Str+2 Dex+3}
   (Okawaru gifted it to you on level 5 of the Lair of Beasts)

   Str:       It affects your strength (+2).
   Dex:       It affects your dexterity (+3).
   rPois:     It protects you from poison.
 M - a +1 broad axe of flaming
Missiles
 b - 71 poisoned darts (quivered)
 c - 5 javelins
 k - 3 atropa-tipped darts
 p - 2 silver javelins
 x - 9 boomerangs of dispersal
 E - 8 curare-tipped darts
Armour
 i - the +1 pair of gloves of the Hunter (worn) {rN+ rCorr Int+3}
   (You bought it in a shop on level 2 of the Orcish Mines)

   Int:       It affects your intelligence (+3).
   rN:        It protects you from negative energy.
   rCorr:     It protects you from acid and corrosion.
 o - a +1 pair of boots (worn)
 w - a +0 tower shield (worn)
 z - the +7 plate armour "Qupeqob" (worn) {Int+2}
   (You found it on level 1 of the Lair of Beasts)

   Int:       It affects your intelligence (+2).
 F - a +1 hat (worn)
 H - a +0 pair of boots of stealth
 I - a +0 cloak of preservation (worn)
Jewellery
 a - the amulet "Qiravav" {Spirit Contam Fly rElec rC++ rCorr}
   (You bought it in a shop on level 2 of the Orcish Mines)

   [amulet of guardian spirit]

   It causes incoming damage to be divided between your reserves of health and
   magic.
   rC:        It greatly protects you from cold.
   rElec:     It insulates you from electricity.
   Fly:       It grants you flight.
   Contam:    It causes magical contamination when unequipped.
   rCorr:     It protects you from acid and corrosion.
 m - a +5 ring of evasion (right hand)
 q - a ring of poison resistance
 J - an amulet of reflection (around neck)
 T - a +5 ring of evasion (left hand)
Wands
 s - a wand of mindburst (29)
 A - a wand of iceblast (13)
 L - a wand of flame (14)
 P - a wand of digging (2)
 W - a wand of paralysis (2)
Scrolls
 g - 5 scrolls of poison
 j - 10 scrolls of teleportation
 D - 2 scrolls of blinking
 G - 3 scrolls of revelation
 R - 2 scrolls of enchant weapon
 X - a scroll of fear
Potions
 d - 4 potions of might
 e - 4 potions of ambrosia
 f - 2 potions of cancellation
 h - 6 potions of brilliance
 n - a potion of magic
 r - a potion of enlightenment
 t - a potion of mutation
 B - 6 potions of curing
 C - 2 potions of berserk rage
 Q - a potion of attraction
 S - a potion of haste
 V - 4 potions of resistance


   Skills:
 + Level 14.3 Fighting
 * Level 19.3 Axes
 + Level 11.8 Throwing
 + Level 14.0 Armour
 + Level 13.9 Shields


You had 14 spell levels left.
You didn't know any spells.
Your spell library contained the following spells:

 Spells                   Type           Power      Damage    Failure   Level
 Apportation              Tloc           0%         N/A       100%        1
 Kiss of Death            Conj/Necr      0%         2d5       100%        1
 Sandblast                Erth           0%         2d4       100%        1
 Sting                    Tmut/Pois      0%         1d3       100%        1
 Cigotuvi's Dreadful Rot  Necr/Pois/Air  0%         N/A       100%        2
 Ensorcelled Hibernation  Hex/Ice        0%         N/A       100%        2
 Passwall                 Tmut/Erth      0%         N/A       100%        2
 Sublimation of Blood     Necr           0%         N/A       100%        2
 Frozen Ramparts          Ice            0%         1d1       100%        3
 Hailstorm                Conj/Ice       0%         3d3       100%        3
 Spider Form              Tmut/Pois      0%         N/A       100%        3
 Stone Arrow              Conj/Erth      0%         3d7       100%        3
 Anguish                  Hex/Necr       0%         N/A       100%        4
 Dispel Undead            Necr           0%         3d6       100%        4
 Ice Form                 Ice/Tmut       0%         N/A       100%        4
 Petrify                  Tmut/Erth      0%         N/A       100%        4
 Irradiate                Conj/Tmut      0%         3d11      100%        5
 Yara's Violent Unravell  Hex/Tmut       0%         3d3       100%        5
 Enfeeble                 Hex            0%         N/A       100%        7
 Summon Ice Beast         Ice/Summ       Unusable   N/A       N/A         4
 Summon Lightning Spire   Summ/Air       Unusable   N/A       N/A         4
 Death Channel            Necr           Unusable   N/A       N/A         6
 Simulacrum               Ice/Necr       Unusable   N/A       N/A         6

Dungeon Overview and Level Annotations

Branches:
Dungeon (12/15)            Temple (0/1) D:4            Lair (5/5) D:9
 Shoals (0/4) Lair:2        Snake (1/4) Lair:2        Slime (0/5) Lair:4
    Orc (2/2) D:10            Elf (1/3) Orc:2

Altars:
Ashenzari
Cheibriados
Elyvilon
Fedhas
Gozag
Makhleb
Okawaru
Qazlal
Ru
Sif Muna
Uskayaw
Yredelemnul
Zin
The Shining One

Shops:
Orc:2 *!=*=

Annotations:
D:4 3 runed translucent doors, bmj180's ghost, novice MfIE


Innate Abilities, Weirdness & Mutations

You have a pair of horns on your head.
You reflexively headbutt those who attack you in melee.
A frigid envelope surrounds you and freezes all who hurt you.
You passively map a small area around you.
You are weak. (Str -2)


Message History

The deep elf knight seems to speed up.
You barely miss the deep elf blademaster.
The deep elf blademaster is lightly wounded.
You block the deep elf blademaster's attack. x2
The deep elf blademaster hits you with a +0 rapier!
* * * LOW HITPOINT WARNING * * *
The deep elf blademaster is very cold.
The deep elf blademaster is lightly wounded.
The deep elf blademaster closely misses you.
You miss the deep elf blademaster.
The deep elf blademaster is lightly wounded.
The deep elf blademaster barely misses you.
You block the deep elf blademaster's attack.
The deep elf knight casts a spell at you.
You block shard of ice... and reflect it back!
The deep elf knight blocks the shard of ice.
You slice the deep elf blademaster!!
The deep elf blademaster is moderately wounded.
You block the deep elf blademaster's attack.
The deep elf blademaster barely misses you.
Unknown command.
You completely miss the deep elf blademaster.
Your headbutt misses the deep elf blademaster.
The deep elf blademaster is moderately wounded.
The deep elf blademaster hits you with a +0 rapier!
* * * LOW HITPOINT WARNING * * *
The deep elf blademaster is very cold.
The deep elf blademaster is moderately wounded.
You block the deep elf blademaster's attack.
As you read the scroll of teleportation, it crumbles to dust.
You feel strangely unstable.
The deep elf blademaster hits you but does no damage.
The deep elf blademaster is very cold.
The deep elf blademaster is heavily wounded.
The deep elf blademaster hits you with a +0 rapier.
* * * LOW HITPOINT WARNING * * *
The deep elf blademaster is very cold.
The deep elf blademaster is heavily wounded.
The deep elf blademaster hits you with a +0 rapier.
You die...

..# ##.## #.##
...##.^.##...##, ,
, ...............
, ,
,#............. *
,* #............*
** #..........# *
##...e....... *
#....@e...... , ,
##............ ,
.#............. ,
,............... ,
........##..... ,
.......##*#......
, ,
....E...##........
,
...○°.............
,
.#...○............
,


You could see a deep elf blademaster, a deep elf knight (fast) and a fire
elemental (summoned).

Vanquished Creatures
  2 deep elf demonologists (Elf:1)
  A dire elephant (Lair:5)
  A deep elf death mage (Elf:1)
  11 hydras
  An ogre mage (Orc:1)
  Harold (D:11)
  An anaconda (Lair:2)
  A boulder beetle (Lair:5)
  3 dancing weapons (Elf:1)
  3 catoblepae
  6 two-headed ogres
  26 death yaks
  A deep troll shaman (Lair:5)
  A naga warrior (Lair:2)
  An orc high priest (Orc:1)
  Urug (Lair:1)
  A shock serpent (Lair:2)
  4 deep elf knights (Elf:1)
  Sonja (Lair:3)
  A flayed ghost (D:11)
  4 orc knights
  A lindwurm (Lair:5)
  5 deep elf zephyrmancers (Elf:1)
  4 deep elf pyromancers (Elf:1)
  5 deep elf archers (Elf:1)
  4 cyclopes
  10 elephants
  2 black mambas
  2 manticores (Lair:3)
  A torpor snail (Lair:3)
  Psyche (D:9)
  14 cane toads
  A rime drake (Lair:1)
  A kobold demonologist (D:11)
  7 komodo dragons
  2 trolls
  4 polar bears
  A hornet (shapeshifter) (Elf:1)
  A hornet (D:10)
  8 blink frogs
  A snapping turtle (Lair:2)
  Sigmund (D:2)
  3 centaur simulacra (D:11)
  An air elemental (Elf:1)
  10 wyverns
  6 shadows
  47 yaks
  4 wraiths
  A steam dragon (D:8)
  A basilisk (Lair:5)
  A fire elemental (Elf:1)
  15 fire bats (D:11)
  5 vampire mosquitoes
  4 acid dragons
  10 water moccasins
  3 nagas (Lair:2)
  A swamp drake (D:9)
  3 black bears
  An ice beast (D:5)
  35 orc warriors
  8 ogres
  11 wolves
  12 centaurs
  A phantom (D:5)
  7 kobold brigands
  5 scorpions
  11 bullfrogs
  A necrophage (D:8)
  2 gnoll sergeants
  2 troll zombies (D:10)
  3 killer bees (D:10)
  2 electric eels
  4 hounds
  A jelly (D:6)
  6 orc priests
  2 iguanas
  Ijyb (D:3)
  2 sleepcaps (D:5)
  17 orc wizards
  4 ogre zombies (D:10)
  A hound skeleton (D:8)
  7 adders
  12 gnolls
  A shadow imp (D:5)
  3 white imps (D:11)
  An adder skeleton (D:2)
  3 worms
  4 dart slugs
  63 orcs
  74 bats
  3 bat skeletons (D:2)
  9 endoplasms
  4 giant cockroaches
  8 goblins
  5 hobgoblins
  3 quokkas
  8 ball pythons
  2 ball python skeletons (D:2)
  3 ball python zombies (D:2)
  7 frilled lizards
  4 goblin zombies (D:10)
  A hobgoblin skeleton (D:10)
  3 hobgoblin zombies (D:10)
  40 kobolds
  11 orc zombies (D:10)
  A quokka skeleton (D:2)
  5 rats (D:1)
687 creatures vanquished.

Vanquished Creatures (others)
  A deep elf knight (Elf:2)
  A basilisk (D:9)
2 creatures vanquished.

Grand Total: 689 creatures vanquished

Notes
Turn   | Place    | Note
-------+----------+-------------------------------------------
     0 | D:1      | senseless the Minotaur Fighter began the quest for the Orb.
     0 | D:1      | Reached XP level 1. HP: 19/19 MP: 0/0
    98 | D:1      | Reached XP level 2. HP: 27/27 MP: 1/1
   234 | D:1      | Reached skill level 3 in Axes
   493 | D:1      | Reached skill level 1 in Throwing
   494 | D:1      | Reached XP level 3. HP: 29/33 MP: 2/2
  1009 | D:2      | Found an iron altar of Okawaru.
  1013 | D:2      | Became a worshipper of Warmaster Okawaru
  1107 | D:2      | Noticed Sigmund
  1122 | D:2      | Gained mutation: You are weak. (Str -2) [potion of
                  | mutation]
  1122 | D:2      | Gained mutation: You passively map a small area around you.
                  | [potion of mutation]
  1122 | D:2      | Gained mutation: A frigid envelope surrounds you and
                  | freezes all who hurt you. [potion of mutation]
  1125 | D:2      | Killed Sigmund
  1125 | D:2      | Reached * piety under Okawaru
  1126 | D:2      | Reached skill level 4 in Axes
  1126 | D:2      | Reached XP level 4. HP: 12/41 MP: 3/3
  1126 | D:2      | Reached XP level 5. HP: 14/47 MP: 4/4
  1459 | D:2      | You fall into a shaft and drop 1 floor!
  1528 | D:3      | Found a sacrificial altar of Ru.
  1650 | D:3      | Reached XP level 6. HP: 53/53 MP: 5/5
  1860 | D:3      | Noticed Ijyb
  1865 | D:3      | Killed Ijyb
  2160 | D:3      | Reached skill level 5 in Axes
  2228 | D:3      | Found a faded altar of an unknown god.
  2228 | D:3      | Noticed a sixfirhy
  2362 | D:3      | Found a basalt altar of Yredelemnul.
  2485 | D:4      | Reached skill level 5 in Fighting
  2556 | D:4      | Found a staircase to the Ecumenical Temple.
  2599 | D:4      | Reached ** piety under Okawaru
  2600 | D:4      | Reached skill level 5 in Armour
  3030 | D:4      | Found a shimmering blue altar of Sif Muna.
  3112 | D:4      | Found a runed translucent gate.
  3112 | D:4      | Found a runed translucent gate.
  3112 | D:4      | Found a runed translucent gate.
  3113 | D:4      | Noticed bmj180's ghost (novice MfIE)
  3329 | D:5      | Entered Level 5 of the Dungeon
  3420 | D:5      | Reached skill level 5 in Shields
  3420 | D:5      | Reached XP level 7. HP: 45/61 MP: 6/6
  3683 | D:5      | Reached skill level 6 in Axes
  3995 | D:5      | Reached *** piety under Okawaru
  3996 | D:5      | Reached XP level 8. HP: 30/70 MP: 7/7
  4379 | D:6      | Reached skill level 7 in Axes
  4613 | D:6      | Reached skill level 8 in Axes
  4734 | D:6      | Received a gift from Okawaru
  5092 | D:6      | Reached XP level 9. HP: 78/78 MP: 8/8
  5195 | D:7      | Identified the +0 cloak of Shrieking Knowledge {rC+ Will+
                  | Int-5}
  5240 | D:7      | Found a glowing golden altar of the Shining One.
  5261 | D:7      | Reached **** piety under Okawaru
  5364 | D:7      | Found a white marble altar of Elyvilon.
  5557 | D:7      | Found an opulent altar of Gozag.
  5831 | D:7      | Reached skill level 9 in Axes
  6034 | D:8      | Reached skill level 5 in Throwing
  6595 | D:8      | Found a burning altar of Makhleb.
  6732 | D:8      | Found a stormy altar of Qazlal.
  6736 | D:8      | Found a blossoming altar of Fedhas.
  6794 | D:8      | Found a snail-covered altar of Cheibriados.
  6977 | D:9      | Noticed Psyche
  6988 | D:9      | Killed Psyche
  6989 | D:9      | Reached skill level 10 in Axes
  7117 | D:9      | Reached ***** piety under Okawaru
  7196 | D:9      | Reached XP level 10. HP: 59/88 MP: 9/9
  7624 | D:9      | Found a staircase to the Lair.
  7807 | D:9      | Reached skill level 11 in Axes
  8048 | D:10     | Entered Level 10 of the Dungeon
  8333 | D:10     | Found a staircase to the Orcish Mines.
  8401 | D:10     | Received a gift from Okawaru
  8739 | D:10     | Noticed a two-headed ogre
  8746 | D:10     | Killed a two-headed ogre
  8892 | D:10     | Reached skill level 12 in Axes
  8900 | D:10     | Reached XP level 11. HP: 97/97 MP: 10/10
  9453 | D:11     | Got the Spellbook of the Congregation and Maleficia
  9792 | D:11     | Received a gift from Okawaru
 10055 | D:11     | Noticed Harold
 10067 | D:11     | Killed Harold
 10068 | D:11     | Reached skill level 13 in Axes
 10385 | D:11     | Found a runed translucent door.
 10412 | D:11     | Found a burning altar of Makhleb.
 10426 | D:11     | Found a basalt altar of Yredelemnul.
 10436 | D:11     | Reached skill level 10 in Fighting
 10555 | D:11     | Found a hide-covered altar of Uskayaw.
 10608 | D:11     | Found a broken altar of Ashenzari.
 10613 | D:11     | Reached skill level 10 in Armour
 10686 | D:11     | Reached skill level 10 in Shields
 10746 | D:11     | Found a burning altar of Makhleb.
 10821 | D:11     | Found a blossoming altar of Fedhas.
 11086 | D:11     | Received a gift from Okawaru
 11092 | D:11     | Reached ****** piety under Okawaru
 11107 | D:11     | Noticed a flayed ghost
 11118 | D:11     | Killed a flayed ghost
 11119 | D:11     | Reached XP level 12. HP: 104/107 MP: 11/11
 11123 | D:11     | Got Kideenae's Introduction to Theurgy
 11225 | D:12     | Received a gift from Okawaru
 11239 | D:12     | Noticed a two-headed ogre
 11247 | D:12     | Killed a two-headed ogre
 11248 | D:12     | Reached skill level 14 in Axes
 11426 | D:12     | Identified the +2 robe of Lust {Str-5 Int+5}
 11759 | D:12     | Found a glowing silver altar of Zin.
 12026 | Lair:1   | Entered Level 1 of the Lair of Beasts
 12026 | Lair:1   | Noticed a death yak
 12026 | Lair:1   | Noticed a death yak
 12029 | Lair:1   | Noticed a death yak
 12030 | Lair:1   | Noticed a death yak
 12041 | D:9      | Killed a death yak
 12044 | D:9      | Killed a death yak
 12215 | Lair:1   | Noticed a death yak
 12215 | Lair:1   | Noticed Urug
 12223 | D:9      | Killed a death yak
 12269 | D:9      | Killed a death yak
 12275 | D:9      | Killed a death yak
 12290 | Lair:1   | Killed Urug
 12360 | Lair:1   | Received a gift from Okawaru
 12361 | Lair:1   | Reached skill level 15 in Axes
 12499 | Lair:1   | Received a gift from Okawaru
 12598 | Lair:1   | Received a gift from Okawaru
 12714 | Lair:1   | Reached XP level 13. HP: 116/116 MP: 12/12
 12877 | Lair:1   | Identified the +7 plate armour "Qupeqob" {Int+2}
 13545 | Lair:2   | Found a staircase to the Snake Pit.
 13708 | Lair:2   | Received a gift from Okawaru
 13709 | Lair:2   | Reached skill level 16 in Axes
 14043 | Lair:2   | Found a staircase to the Shoals.
 14232 | Lair:3   | Identified the +1 plate armour of Zistroca {Dex+6} (Okawaru
                  | gifted it to you on level 3 of the Lair of Beasts)
 14232 | Lair:3   | Received a gift from Okawaru
 14430 | Lair:3   | Noticed Sonja
 14447 | Lair:3   | Killed Sonja
 14759 | Lair:3   | Identified the +0 flail of Defiance {freeze, Int+3}
 15201 | Lair:4   | You fall into a shaft and drop 1 floor!
 15201 | Lair:5   | Entered Level 5 of the Lair of Beasts
 15212 | Lair:5   | Reached skill level 10 in Throwing
 15537 | Lair:5   | Reached skill level 17 in Axes
 15576 | Lair:4   | Reached XP level 14. HP: 116/127 MP: 13/13
 15577 | Lair:4   | Received a gift from Okawaru
 15909 | Lair:4   | Found a staircase to the Slime Pits.
 16675 | Lair:5   | Identified the +3 battleaxe of Floods {freeze, rPois Str+2
                  | Dex+3} (Okawaru gifted it to you on level 5 of the Lair of
                  | Beasts)
 16675 | Lair:5   | Received a gift from Okawaru
 16809 | Lair:5   | Reached skill level 18 in Axes
 16867 | Lair:5   | Received a gift from Okawaru
 17131 | Lair:5   | Identified the +6 whip of Ozall {pain, rPois Str+3}
 17454 | Lair:5   | Found the +5 demon whip "Spellbinder" {antimagic, disrupt,
                  | Will+}
 17594 | Snake:1  | Entered Level 1 of the Snake Pit
 17609 | Lair:2   | HP: 1/129 [shock serpent/bolt of electricity (22)]
 18104 | Orc:1    | Entered Level 1 of the Orcish Mines
 18362 | Orc:2    | Entered Level 2 of the Orcish Mines
 18459 | Orc:2    | Found a staircase to the Elven Halls.
 18473 | Orc:2    | Found Punef's Assorted Antiques.
 18507 | Orc:2    | Reached XP level 15. HP: 127/137 MP: 14/14
 18642 | Orc:2    | Bought a scroll of identify for 70 gold pieces
 18809 | Orc:2    | Received a gift from Okawaru
 18925 | Orc:2    | Found Oxafemeic's Jewellery Boutique.
 18925 | Orc:2    | Found Eqam's General Store.
 18927 | Orc:2    | Found Evykk's Jewellery Shoppe.
 18929 | Orc:2    | Found Monip's Distillery.
 18943 | Orc:2    | Bought the amulet "Qiravav" {Spirit Contam Fly rElec rC++
                  | rCorr} for 890 gold pieces
 18944 | Orc:2    | Bought the +1 pair of gloves of the Hunter {rN+ rCorr
                  | Int+3} for 456 gold pieces
 18944 | Orc:2    | Bought 4 curare-tipped darts for 67 gold pieces
 18963 | Orc:2    | Bought a potion of mutation for 112 gold pieces
 18963 | Orc:2    | Bought a potion of resistance for 140 gold pieces
 19524 | Elf:1    | Entered Level 1 of the Elven Halls
 19554 | Elf:1    | Identified the +0 chain mail of Darkness {rElec rCorr
                  | Int+3} (Okawaru gifted it to you on level 1 of the Elven
                  | Halls)
 19554 | Elf:1    | Received a gift from Okawaru
 19702 | Elf:1    | Reached skill level 19 in Axes
 19728 | Elf:1    | Paralysed by an air elemental for 1 turns
 19915 | Elf:1    | Noticed an Ice Fiend
 19927 | Elf:1    | HP: 5/139 [+1 heavy scimitar (13)]
 20311 | Elf:1    | You fall into a shaft and drop 1 floor!
 20329 | Elf:2    | HP: 5/139 [+3 bardiche of pain (4)]
 20333 | Elf:2    | Noticed a deep elf blademaster
 20341 | Elf:2    | HP: 5/139 [deep elf blademaster/+0 rapier (5)]
 20341 | Elf:2    | Slain by a deep elf blademaster

Illustrated notes

Levels and vault maps discovered:
D:1:      wander_arrival_estate, layout_basic, minmay_pentomino_s4
D:2:      layout_rooms, serial_undead, serial_undead_d, serial_undead_f,
          serial_undead_a, serial_undead_b, serial_undead_c, serial_undead_d,
          serial_undead_b, serial_undead_f, basic_altar, uniq_sigmund
D:3:      layout_loops_ring, mainiacjoe_overflow_big_doors,
          dreamdust_ecumenical_altar_sealed_demon, uniq_ijyb
D:4:      layout_rooms, tgw_sif, minmay_temple_entry_statues_fountains,
          gammafunk_ghost_nasty_kobolds, nicolae_zen_rock_garden
D:5:      layout_basic
D:6:      layout_rooms, kennysheep_pointless_box, serial_bayou_ford_a
D:7:      layout_loops_ring, mainiacjoe_overflow_surrounded_room,
          nicolae_elyvilon_temple_path, nicolae_gozag_seed_capital,
          minmay_misc_feat_ornament, serial_park_tiny_2
D:8:      layout_loops_ring, makhleb_blood_cavern_becter,
          general_overflow_altar, grunt_temple_overflow_forces_of_nature
D:9:      layout_roguey, erik_lair_dragon, uniq_psyche
D:10:     layout_loops_cross, zombieorc1_lemuel, hex_large, nicolae_titane
D:11:     due_megacathedral, layout_layer_cave, serial_ice, serial_ice_a,
          serial_ice_d, serial_ice_m, serial_ice_k, uniq_harold
D:12:     layout_cave_pools, zin_treasury
Lair:1:   layout_misc_corridors, chequers_serial_rivers_small_a,
          serial_bayou_shore_a, grunt_megastairs_5, uniq_urug
Lair:2:   layout_regular_city, minmay_shoals_entry_hut,
          guppyfry_snake_entry_garden, infiniplex_staircase_pool,
          lemuel_fruit_fields
Lair:3:   nzn_motion_control, layout_gridlike, patterned_corridor, uniq_sonja
Lair:4:   layout_loops_ring, slime_entry_1
Lair:5:   grunt_lair_end_beastmaster, layout_loops_ring, lemuel_fruit_tree
Snake:1:  layout_misc_corridors, serial_shops, nicolae_shop_just_a_little_nook,
          grunt_megastairs_1
Orc:1:    layout_diamond_mine, kennysheep_orc_chapel
Orc:2:    st_orc_rangers, layout_caves, serial_shops, shop
Elf:1:    layout_geoelf_grid, serial_shops, nicolae_take_the_stairs,
          special_room [special_room_orc], minivault_28, minmay_shoptagon,
          uniq_zenata
Elf:2:    elven_hall_of_blades_hangedman_original
          [nicolae_blade_entry_diamond_columns], layout_onion_city

Skill      XL: |  1  2  3  4  5  6  7  8  9 10 11 12 13 14 15 |
---------------+----------------------------------------------+-----
Axes           | 3 4 5 6 8 10 12 13 15 17 18 19 | 19.3
Throwing       | 1 2 3 4 5 6 8 9 10 11 | 11.8
Fighting       | 4 5 6 8 9 10 11 12 13 14 | 14.3
Shields        | 4 5 6 7 8 10 11 12 13 | 13.9
Armour         | 4 5 6 7 9 10 11 12 13 14 | 14.0

Action                     |  1- 3 |  4- 6 |  7- 9 | 10-12 | 13-15 || total
---------------------------+-------+-------+-------+-------+-------++-------
  Melee: War axe           |    87 |    75 |   240 |   114 |       ||   516
         Headbutt          |     6 |    12 |    38 |   102 |   147 ||   305
         Spear             |       |     2 |       |       |       ||     2
         Broad axe         |       |       |       |   416 |   658 ||  1074
  Throw: Dart              |       |    40 |    46 |    33 |     8 ||   127
 Invoke: Heroism           |       |       |       |       |     2 ||     2
    Use: Potion            |     4 |       |       |       |     6 ||    10
         Scroll            |       |       |    11 |     5 |    10 ||    26
   Stab: Confused          |       |       |       |     1 |       ||     1
         Petrified         |       |       |       |       |     7 ||     7
 Armour: Scale mail        |    55 |    15 |       |       |       ||    70
         Chain mail        |       |    15 |    35 |    53 |       ||   103
         Plate armour      |       |       |    68 |     1 |   227 ||   296
         Skin              |       |       |     3 |       |       ||     3
         Storm dragon scal |       |       |       |    88 |       ||    88
  Dodge: Dodged            |    55 |    31 |    55 |   141 |   220 ||   502
  Block: Buckler           |    33 |    18 |       |       |       ||    51
         Tower shield      |       |    11 |   179 |   587 |   720 ||  1497
         Reflection        |       |       |       |     7 |   114 ||   121

Table legend: (Time is in decaauts)
 A = Elapsed time spent in this place.
 B = Non-inter-level travel time spent in this place.
 C = Inter-level travel time spent in this place.
 D = Time resting spent in this place.
 E = Time spent auto-exploring this place.
 F = Levels seen in this place.
 G = Mean time per level.
                   A        B        C        D        E       F      G
               +--------+--------+--------+--------+--------+-----+--------+
         Total |  20539 |  19399 |   1140 |   1228 |  14513 |  22 |  933.6 |
       Dungeon |  12638 |  11923 |    715 |    613 |   9136 |  12 | 1053.2 |
          Lair |   5675 |   5375 |    300 |    325 |   4047 |   5 | 1135.0 |
     Snake Pit |     21 |     21 |      0 |      0 |      0 |   1 |   21.0 |
  Orcish Mines |   1398 |   1275 |    123 |      0 |    997 |   2 |  699.0 |
   Elven Halls |    805 |    805 |      0 |    290 |    333 |   2 |  402.5 |
               +--------+--------+--------+--------+--------+-----+--------+

Top non-repeatable levels by time:
    D:11: 1827 daAuts
     D:9: 1619 daAuts
  Lair:5: 1492 daAuts
    D:10: 1437 daAuts
  Lair:2: 1186 daAuts
  Lair:1: 1078 daAuts
     D:5: 1068 daAuts
     D:1: 1035 daAuts
     D:8: 1019 daAuts
  Lair:3: 1014 daAuts
  Lair:4: 904 daAuts
     D:4: 865 daAuts
   Orc:2: 843 daAuts
     D:6: 842 daAuts
     D:3: 790 daAuts
